[Event "*** MasterClass Titled Tuesday Blitz"]
[Site "Chess.com"]
[Date "2017.09.05"]
[Round "1"]
[White "jcibarra"]
[Black "Ilja_Semjonovs"]
[Result "1-0"]
[WhiteElo "2656"]
[BlackElo "2354"]
[TimeControl "180+2"]
[EndTime "13:02:37 PDT"]
[Termination "jcibarra won by resignation"]

1. e4 c5 2. Nf3 d6 3. d4 cxd4 4. Nxd4 Nf6 5. Nc3 a6 6. Be3 e5 7. Nf3 Be7 8. Bc4 Be6 9. Bxe6 fxe6 10. Ng5 Qd7 11. Qf3 Nc6 12. O-O-O h6 13. Qh3 O-O-O 14. Nf7 b5 15. Nxh8 Rxh8 16. a3 Na5 17. f4 exf4 18. Bxf4 Qc6 19. Qxe6+ 1-0

[Event "*** MasterClass Titled Tuesday Blitz"]
[Site "Chess.com"]
[Date "2017.09.05"]
[Round "1"]
[White "belisarius64"]
[Black "Drags95"]
[Result "0-1"]
[WhiteElo "2297"]
[BlackElo "2557"]
[TimeControl "180+2"]
[EndTime "13:02:43 PDT"]
[Termination "Drags95 won by resignation"]

1. e4 c5 2. Nf3 d6 3. d4 cxd4 4. Nxd4 Nf6 5. Nc3 g6 6. Be3 Bg7 7. f3 O-O 8. Qd2 Nc6 9. O-O-O d5 10. exd5 Nxd5 11. Nxc6 bxc6 12. Bd4 Bxd4 13. Qxd4 Qb6 14. Na4 Qc7 15. Bc4 Rd8 16. Nc5 Bf5 17. Qf2 Qf4+ 18.
Kb1 Qxc4 19. Nd3 Rab8 20. Rhe1 Nc3+ 0-1

[Event "*** MasterClass Titled Tuesday Blitz"]
[Site "Chess.com"]
[Date "2017.09.05"]
[Round "1"]
[White "joppie2"]
[Black "BIG_Pirate"]
[Result "0-1"]
[WhiteElo "2581"]
[BlackElo "2331"]
[TimeControl "180+2"]
[EndTime "13:03:44 PDT"]
[Termination "BIG_Pirate won by resignation"]

1. d4 d5 2. c4 c6 3. Nf3 Nf6 4.
Nbd2 e6 5. e3 c5 6. cxd5 Nxd5 7.
Be2 Nc6 8. dxc5 Bxc5 9. O-O O-O 10. a3 Be7 11. Ne4 b6 12. Bd2 Bb7 13. Rc1 Nf6 14. Ng3 Rc8 15. Qa4 a6 16. Rfd1 b5 17. Qg4 Nxg4 0-1

[Event "*** MasterClass Titled Tuesday Blitz"]
[Site "Chess.com"]
[Date "2017.09.05"]
[Round "1"]
[White "JaimeSantosLatasa"]
[Black "Nemsko"]
[Result "1-0"]
[WhiteElo "2565"]
[BlackElo "2299"]
[TimeControl "180+2"]
[EndTime "13:03:51 PDT"]
[Termination "JaimeSantosLatasa won by resignation"]

1. d4 Nf6 2. c4 e6 3. Nf3 b6 4.
a3 Bb7 5. Nc3 d5 6. cxd5 exd5 7.
Bf4 Bd6 8. Bxd6 Qxd6 9. e3 O-O 10. Be2 a6 11. O-O Nbd7 12. b4 Ne4 13. Qb3 Ndf6 14. Rfc1 Rac8 15. Nxe4 Nxe4 16. Rc2 c6 17. a4 Rc7 18. Bd3 Rfc8 19. a5 c5 20. axb6 Qxb6 21.
Bxe4 dxe4 22. dxc5 Rxc5 23. Rxc5 Rxc5 24. Nd4 Rd5 25. Qc3 h5 26. Rc1 Rd8 27. Qa3 Bd5 28.
Rc5 g6 29. h3 Kg7 30. Qc3 Rd7 31. Nf5+ 1-0

[Event "*** MasterClass Titled Tuesday Blitz"]
[Site "Chess.com"]
[Date "2017.09.05"]
[Round "1"]
[White "Godzillator"]
[Black "penguingm1"]
[Result "0-1"]
[WhiteElo "2302"]
[BlackElo "2575"]
[TimeControl "180+2"]
[EndTime "13:04:21 PDT"]
[Termination "penguingm1 won by resignation"]

1. d4 d5 2. c4 e6 3. cxd5 exd5 4.
Nc3 Be7 5. Qc2 c6 6. Nf3 g6 7. Bf4 Bf5 8. Qb3 Qb6 9. e3 Nd7 10. Be2 Ngf6 11. O-O O-O 12. Rfc1 Rfe8 13. h3 h5 14. Ne5 Bf8 15. g4 hxg4 16. hxg4 Be6 17. g5 Nxe5 18. Bxe5 Nd7 19. Bf4 Bg7 20. Qc2 Bf5 21.
Qd2 Nf8 22. Na4 Qd8 23. Nc5 Qe7 24. b4 Nh7 25. b5 Nxg5 26. bxc6 Nh3+ 27. Kf1 Nxf4 28.
exf4 bxc6 29. Nb3 Bh3+ 30. Ke1 Bg4 31. Rc2 Bxe2 32. Qxe2 Qb4+ 0-1

[Event "*** MasterClass Titled Tuesday Blitz"]
[Site "Chess.com"]
[Date "2017.09.05"]
[Round "1"]
[White "gkchesstiger"]
[Black "HKBurwell"]
[Result "1-0"]
[WhiteElo "2651"]
[BlackElo "2345"]
[TimeControl "180+2"]
[EndTime "13:04:48 PDT"]
[Termination "gkchesstiger won by resignation"]

1. Nf3 d5 2. d4 Nf6 3. Bf4 c5 4. e3 Nc6 5. Nbd2 e6 6. c3 Be7 7. Bd3 O-O 8. Ne5 Nxe5 9. dxe5 Nd7 10. Qh5 f5 11. Nf3 Qe8 12. Qxe8 Rxe8 13. h4 Nf8 14. h5 Bd7 15. O-O-O b5 16. Rhg1 Rec8 17. g4 fxg4 18. Rxg4 Kf7 19. Rdg1 g6 20. Bh6 gxh5 21. Rg8 Ng6 22. Rg7+ Ke8 23. Rxh7 Nf8 24. Bxf8 Bxf8 25. Rg8 Kd8 26. Rxf8+ Kc7 27. Rff7 Rd8 28.
Bxb5 1-0

[Event "*** MasterClass Titled Tuesday Blitz"]
[Site "Chess.com"]
[Date "2017.09.05"]
[Round "1"]
[White "johnathan113"]
[Black "Darkbluelord"]
[Result "1-0"]
[WhiteElo "2467"]
[BlackElo "2129"]
[TimeControl "180+2"]
[EndTime "13:04:48 PDT"]
[Termination "johnathan113 won by resignation"]

1. e4 c5 2. Nf3 d6 3. d4 cxd4 4. Nxd4 Nf6 5. Nc3 g6 6. f3 Bg7 7.
Be3 O-O 8. Bc4 Nc6 9. Qe2 Ne5 10. Bb3 Bd7 11. h3 a6 12. O-O-O Nh5 13. Rhg1 b5 14. f4 Nc4 15. Bxc4 bxc4 16. g4 Nf6 17. e5 Ne8 18. Qxc4 dxe5 19. fxe5 Bxe5 20. Nc6 Bxc6 21. Rxd8 Bb5 22. Nxb5 axb5 23. Qd5 Rxd8 24. Qxd8 Nf6 25. Qxe7 1-0

[Event "*** MasterClass Titled Tuesday Blitz"]
[Site "Chess.com"]
[Date "2017.09.05"]
[Round "1"]
[White "nickmatta"]
[Black "GMHess"]
[Result "1-0"]
[WhiteElo "2315"]
[BlackElo "2546"]
[TimeControl "180+2"]
[EndTime "13:04:54 PDT"]
[Termination "nickmatta won by resignation"]

1. d4 Nf6 2. c4 e6 3. Nf3 d5 4. g3 dxc4 5. Bg2 Bb4+ 6. Bd2 a5 7.
Qc2 b5 8. a4 c6 9. axb5 Bxd2+ 10.
Nfxd2 Qxd4 11. Qxc4 Qxb2 12. Ra2 Qe5 13. Bxc6+ Nxc6 14. Qxc6+ Ke7 15. Qxa8 Nd5 16. Rc2 Nb6 17. Qxa5 Nd7 18.
Qb4+ Kf6 19. Qc3 Bb7 20. Qxe5+ Nxe5 21. O-O h5 22. Rc7 Bd5 1-0

[Event "*** MasterClass Titled Tuesday Blitz"]
[Site "Chess.com"]
[Date "2017.09.05"]
[Round "1"]
[White "swayamsm"]
[Black "Me_ch_an"]
[Result "1-0"]
[WhiteElo "2500"]
[BlackElo "2203"]
[TimeControl "180+2"]
[EndTime "13:05:08 PDT"]
[Termination "swayamsm won by resignation"]

1. d4 d5 2. c4 dxc4 3. e3 e5 4. Bxc4 exd4 5. exd4 Nf6 6. Nf3 Bd6 7. O-O O-O 8. h3 h6 9. Nc3 c6 10. Qc2 Nbd7 11.
Bxh6 gxh6 12. Qg6+ Kh8 13. Qxh6+ Nh7 14. Qxd6 Qf6 15.
Qxf6+ Ndxf6 16. Ne5 Kg7 17. f4 Be6 18. Bxe6 fxe6 19. Rad1 Rad8 20. g3 Nd5 21. Rfe1 Nhf6 22. Nd3 Nxc3 23. bxc3 Rd6 24. Nc5 1-0

[Event "*** MasterClass Titled Tuesday Blitz"]
[Site "Chess.com"]
[Date "2017.09.05"]
[Round "1"]
[White "gmjlh"]
[Black "pedromartinez91"]
[Result "1-0"]
[WhiteElo "2610"]
[BlackElo "2324"]
[TimeControl "180+2"]
[EndTime "13:05:11 PDT"]
[Termination "gmjlh won by resignation"]

1. e4 e6 2. d4 d5 3. Nd2 Nf6 4. e5 Ne4 5. Bd3 Nxd2 6. Bxd2 c5 7. c3 Qb6 8. Ne2 Nc6 9. O-O Bd7 10. Kh1 cxd4 11.
cxd4 Qxb2 12. Rb1 Qa3 13. Rb3 Qxa2 14. Rxb7 Qa3 15. Qb1 Na5 16. Bxa5 Qxa5 17. Rxd7 Kxd7 18. Qb7+ Qc7 19. Bb5+ Kd8 20. Qxa8+ Qc8 21. Qxa7 1-0

[Event "*** MasterClass Titled Tuesday Blitz"]
[Site "Chess.com"]
[Date "2017.09.05"]
[Round "1"]
[White "XDPS"]
[Black "MartinMatthiesen"]
[Result "1-0"]
[WhiteElo "2560"]
[BlackElo "2297"]
[TimeControl "180+2"]
[EndTime "13:05:23 PDT"]
[Termination "XDPS won by resignation"]

1. d4 Nf6 2. Bf4 d5 3. e3 c5 4. dxc5 Nc6 5. Bb5 e6 6. b4 a5 7. c3 Ne4 8. Ne2 Qf6 9. Qd4 Bd7 10. Qxf6 Nxf6 11. Bxc6 Bxc6 12. Nd2 Nd7 13. Nb3 e5 14. Bg3 axb4 15. cxb4 Ra3 16. O-O Be7 17. Rfd1 O-O 18. Nc3 Rfa8 19. b5 1-0

[Event "*** MasterClass Titled Tuesday Blitz"]
[Site "Chess.com"]
[Date "2017.09.05"]
[Round "1"]
[White "HanSchut"]
[Black "Iball95"]
[Result "1-0"]
[WhiteElo "2332"]
[BlackElo "2584"]
[TimeControl "180+2"]
[EndTime "13:05:31 PDT"]
[Termination "HanSchut won by checkmate"]

1. e4 c5 2. Nf3 g6 3. d4 cxd4 4. Nxd4 Nc6 5. c4 Nf6 6. Nc3 d6 7. Be2 Nxd4 8. Qxd4 Bg7 9. Bg5 O-O 10. Qd2 Be6 11.
Rc1 Qa5 12. O-O Rfc8 13. b3 a6 14. f4 b5 15. f5 Bd7 16. fxg6 hxg6 17. e5 Ne8 18. Qf4 Be6 19. Bg4 dxe5 20. Qf3 f5 21.
Nd5 fxg4 22. Nxe7+ Kh7 23. Qg3 Nf6 24. Rxf6 Bxf6 25.
Bxf6 g5 26. Qd3+ e4 27. Qxe4+ Bf5 28. Qxf5+ Kh6 29. Qg6# 1-0

[Event "*** MasterClass Titled Tuesday Blitz"]
[Site "Chess.com"]
[Date "2017.09.05"]
[Round "1"]
[White "RitvarsReimanis"]
[Black "liquormark"]
[Result "1-0"]
[WhiteElo "2462"]
[BlackElo "2105"]
[TimeControl "180+2"]
[EndTime "13:05:36 PDT"]
[Termination "RitvarsReimanis won by resignation"]

1. d4 Nf6 2. c4 g6 3. f3 Bg7 4.
e4 d6 5. Ne2 c6 6. Nec3 a6 7.
a4 a5 8. Be3 Na6 9. Be2 Nb4 10.
O-O O-O 11. Na3 Bd7 12. Qd2 Qc7 13. Rfd1 Rfd8 14. Rac1 e5 15. dxe5 dxe5 16. Qe1 Be6 17. Qf2 Nd7 18. Nd5 cxd5 19. cxd5 Qd6 20. Nb5 Qe7 21. dxe6 fxe6 22. Bc4 Nc6 23. Nc7 Rac8 24. Nxe6 Nb6 25. Bxb6 Rxd1+ 26. Rxd1 1-0

[Event "*** MasterClass Titled Tuesday Blitz"]
[Site "Chess.com"]
[Date "2017.09.05"]
[Round "1"]
[White "Alexander_Moskalenko"]
[Black "jlandaw"]
[Result "1-0"]
[WhiteElo "2677"]
[BlackElo "2375"]
[TimeControl "180+2"]
[EndTime "13:05:42 PDT"]
[Termination "Alexander_Moskalenko won by resignation"]

1. e4 e5 2. Nf3 Nc6 3. Bb5 a6 4. Bxc6 dxc6 5. O-O Qf6 6. d4 exd4 7. Bg5 Qg6 8. Qxd4 Bg4 9. Nbd2 f6 10. Bf4 Rd8 11. Qc3 Bd6 12. e5 Be7 13. Rfe1 f5 14. e6 Nf6 15. Ne5 Qh5 16. h3 Be2 17. Nf7 Nd5 18.
Qg3 O-O 19. Nxd8 Nxf4 20. Qxf4 Rxd8 21. Nf3 Bxf3 22. Qxf3 Qxf3 23. gxf3 Rd2 24. Rad1 Rxc2 25. Rd7 Kf8 26. Rxc7 g6 27. Rd1 Rxb2 28. Rdd7 1-0

[Event "*** MasterClass Titled Tuesday Blitz"]
[Site "Chess.com"]
[Date "2017.09.05"]
[Round "1"]
[White "BartoszSocko"]
[Black "Fianchettoed-Tower"]
[Result "1-0"]
[WhiteElo "2669"]
[BlackElo "2363"]
[TimeControl "180+2"]
[EndTime "13:06:11 PDT"]
[Termination "BartoszSocko won by checkmate"]

1. e4 g6 2. d4 Bg7 3. Nc3 d6 4. h3 a6 5. a4 Nf6 6. Nge2 b6 7. g4 Bb7 8. Bg2 c5 9. O-O cxd4 10. Nxd4 Qc7 11.
Nd5 Nxd5 12. exd5 O-O 13. Re1 Re8 14. Bg5 h6 15. Bh4 g5 16. Bg3 Nd7 17. Nf5 Nf6 18.
c4 Qxc4 19. Rc1 Qa2 20. Nxe7+ Kh8 21. Rc7 Rab8 22. Nc6 Rxe1+ 23. Qxe1 Re8 24. Qd2 Bxc6 25. dxc6 Qxa4 26. Rxf7 h5 27. Qxg5 Rg8 28. Rxf6 Bxf6 29. Qh6# 1-0

[Event "*** MasterClass Titled Tuesday Blitz"]
[Site "Chess.com"]
[Date "2017.09.05"]
[Round "1"]
[White "H16"]
[Black "MatthewG-p4p"]
[Result "0-1"]
[WhiteElo "2313"]
[BlackElo "2592"]
[TimeControl "180+2"]
[EndTime "13:06:24 PDT"]
[Termination "MatthewG-p4p won by resignation"]

1. d4 Nf6 2. c4 c5 3. d5 e6 4. Nc3 exd5 5. cxd5 d6 6. Nf3 g6 7. Bf4 a6 8. a4 Bg7 9. h3 O-O 10. e3 Re8 11. Nd2 Qc7 12. Be2 Nbd7 13. O-O Rb8 14. Nc4 Bf8 15. a5 b5 16. axb6 Nxb6 17.
Na5 Ra8 18. Qb3 Bf5 19. Nc6 Qb7 20. Rfd1 Bd7 21. Na5 Qc7 22. Bh2 Ne4 23. Nxe4 Rxe4 24. Nc6 Bxc6 25. dxc6 Rb4 26. Qc2 Qxc6 27. Rxa6 Rxa6 28.
Bxa6 Na4 29. Bc4 Nxb2 30. Bd5 Qa4 31. Qe2 Qxd1+ 32. Qxd1 Nxd1 0-1

[Event "*** MasterClass Titled Tuesday Blitz"]
[Site "Chess.com"]
[Date "2017.09.05"]
[Round "1"]
[White "VSERGUEI"]
[Black "goingin33"]
[Result "1-0"]
[WhiteElo "2548"]
[BlackElo "2273"]
[TimeControl "180+2"]
[EndTime "13:06:28 PDT"]
[Termination "VSERGUEI won by resignation"]

1. d4 Nf6 2. c4 g6 3. Nc3 d5 4. Nf3 Bg7 5. Qb3 dxc4 6. Qxc4 O-O 7. e4 Na6 8. Be2 c5 9. d5 e6 10. O-O exd5 11. exd5 Bf5 12. Nh4 Bd7 13. Rd1 Re8 14.
Be3 Ng4 15. Bxg4 Qxh4 16. h3 Bxg4 17. Qxg4 Qxg4 18. hxg4 Rad8 19. Rd2 Nb4 20. Rad1 b6 21. a3 Na6 22. Nb5 Rd7 23. d6 Nb8 24. Nc7 Red8 25. Bg5 f6 26. Bf4 Kf7 27. b4 cxb4 28. axb4 Nc6 29. b5 Ne5 30. Bxe5 fxe5 31. Na6 Bf8 32. Nb4 Rxd6 33. Nc6 Rxd2 34. Nxd8+ Rxd8 35. Rxd8 Bc5 36. Rd7+ Kf6 37. Rxh7 Kg5 38. Rxa7 Kxg4 39. Kf1 e4 40. Ke2 g5 41. Rc7 Bd4 42. Rc4 Bc5 43. Rxc5 bxc5 44. b6 e3 45. b7 exf2 46. b8=Q 1-0

[Event "*** MasterClass Titled Tuesday Blitz"]
[Site "Chess.com"]
[Date "2017.09.05"]
[Round "1"]
[White "Letinac"]
[Black "biostatistician"]
[Result "1/2-1/2"]
[WhiteElo "2087"]
[BlackElo "2442"]
[TimeControl "180+2"]
[EndTime "13:06:29 PDT"]
[Termination "Game drawn by agreement"]

1. Nf3 Nf6 2. g3 g6 3. Bg2 Bg7 4. O-O O-O 5. c4 b6 6. Nc3 Bb7 7. d4 Ne4 8. Qc2 Nxc3 9. Qxc3 c5 10. Be3 Nc6 11. Qd2 Nxd4 12. Nxd4 Bxg2 13. Kxg2 cxd4 14. Bxd4 d6 15. Bxg7 Kxg7 16. Qd4+ f6 17. Rfd1 Rc8 18. b3 Rc5 19. e4 Qc7 20. h4 Qc6 21. Kh2 Rc8 22. Rd2 Rc7 23. Rad1 a6 24. a4 b5 25.
cxb5 axb5 26. axb5 Qxb5 27. Rd3 Rc2 28. Kg2 Qc5 29.
Qxc5 R7xc5 30. R1d2 Rc1 31. Rb2 Rb5 32. Kf3 Kf7 33. Ke3 Ke6 34. Kd2 Rf1 35. Ke2 Ra1 36. Rc3 Rb4 37. f3 Rh1 38. Ke3 Rh3 39. Rg2 Rh1 40. Rd3 Rb1 41. Ra2 R1xb3 42. Rxb3 Rxb3+ 43. Kf2 h5 44. Ra7 Rb2+ 45. Ke3 Rg2 46. Kf4 g5+ 47. hxg5 fxg5+ 48. Kxg5 Rxg3+ 49. Kf4 Rg8 50. Ra1 Rf8+ 51. Kg3 Rh8 52. Rh1 Ke5 53. Rd1 h4+ 54.
Kg4 Rf8 55. Rd5+ Ke6 56. Rh5 Rg8+ 57. Kf4 Rf8+ 58. Ke3 1/2-1/2

[Event "*** MasterClass Titled Tuesday Blitz"]
[Site "Chess.com"]
[Date "2017.09.05"]
[Round "1"]
[White "workhard91"]
[Black "GMKrikor"]
[Result "0-1"]
[WhiteElo "2299"]
[BlackElo "2566"]
[TimeControl "180+2"]
[EndTime "13:06:30 PDT"]
[Termination "GMKrikor won on time"]

1. d4 Nf6 2. c4 e6 3. Nc3 Bb4 4.
Qc2 d5 5. cxd5 exd5 6. Nf3 O-O 7. e3 c5 8. Be2 cxd4 9. Nxd4 Nc6 10. Nxc6 bxc6 11. O-O Bd6 12. b3 Qe7 13. Bb2 Ng4 14. h3 Qe5 15. g3 Nxe3 16. Qd3 Nxf1 17. Na4 Qe4 0-1

[Event "*** MasterClass Titled Tuesday Blitz"]
[Site "Chess.com"]
[Date "2017.09.05"]
[Round "1"]
[White "josiwales"]
[Black "K_A_S_T_O_R"]
[Result "0-1"]
[WhiteElo "2306"]
[BlackElo "2590"]
[TimeControl "180+2"]
[EndTime "13:06:34 PDT"]
[Termination "K_A_S_T_O_R won by resignation"]

1. e4 c5 2. Nc3 d6 3. g3 g6 4. Bg2 Bg7 5. d3 Nc6 6. Be3 b6 7. f4 Bb7 8. Nge2 Qd7 9. O-O Nd4 10.
Qd2 e6 11. Nd1 Ne7 12. c3 Nxe2+ 13. Qxe2 d5 14. e5 h5 15. h3 Rd8 16. Bf2 d4 17. Bxb7 Qxb7 18. cxd4 cxd4 19. Rc1 Nf5 20. Qe4 Qd7 21. Rc6 O-O 22. g4 hxg4 23. hxg4 Nh6 24. Rd6 Qe7 25. Bxd4 Nxg4 26. Nc3 Rxd6 27. exd6 Qh4 28.
Rf3 Qh2+ 29. Kf1 Bxd4 30. Qxd4 Qh1+ 31. Ke2 Qg2+ 32. Rf2 Qxf2+ 33. Qxf2 Nxf2 34. Kxf2 Rd8 35. Ke3 Rxd6 36. a4 Kg7 37. d4 Rd7 38. Ke4 Kf6 39. Nd1 Ke7 40. Ne3 f5+ 41. Ke5 Rd6 42. b4 a6 43. b5 axb5 44. axb5 Rd8 45. d5 Rd6 46. dxe6 Rxe6+ 47. Kd4 Re4+ 48. Kd3 Ke6 49. Nc4 Rxf4 50. Nxb6 Rb4 51. Na8 Kd6 52. b6 Kc6 0-1

[Event "*** MasterClass Titled Tuesday Blitz"]
[Site "Chess.com"]
[Date "2017.09.05"]
[Round "1"]
[White "TrickyTrapChess"]
[Black "maciek_92"]
[Result "1-0"]
[WhiteElo "2275"]
[BlackElo "2515"]
[TimeControl "180+2"]
[EndTime "13:06:35 PDT"]
[Termination "TrickyTrapChess won by resignation"]

1. c4 e5 2. Nc3 Nc6 3. g3 Bc5 4. Bg2 a6 5. a3 d6 6. e3 Nge7 7. Nge2 O-O 8. b4 Ba7 9. O-O Be6 10. d3 Rb8 11. Rb1 b5 12. cxb5 axb5 13. a4 Bb6 14. a5 Ba7 15. d4 exd4 16. exd4 Bc4 17. Be3 d5 18. Re1 Nf5 19. Qd2 Nxe3 20. fxe3 Ne7 21.
Nf4 c6 22. Nd3 Nf5 23. Ne5 Rc8 24. Bh3 Qg5 25. Qf2 Nxe3 26. Bxc8 Rxc8 27. Qxf7+ Kh8 28. Qxa7 Qf5 29. Qf7 Rf8 30. Qxf5 Nxf5 31. Nxc4 1-0

[Event "*** MasterClass Titled Tuesday Blitz"]
[Site "Chess.com"]
[Date "2017.09.05"]
[Round "1"]
[White "GrigorGrigorov"]
[Black "Robin-Side"]
[Result "1-0"]
[WhiteElo "2585"]
[BlackElo "2303"]
[TimeControl "180+2"]
[EndTime "13:06:40 PDT"]
[Termination "GrigorGrigorov won by resignation"]

1. d4 Nf6 2. c4 g6 3. Nc3 d5 4. cxd5 Nxd5 5. g3 Bg7 6. Bg2 Nb6 7. Nf3 Nc6 8. e3 O-O 9. O-O Re8 10. d5 Na5 11. Nd4 Nac4 12. b3 Nd6 13. a4 a5 14.
e4 Bd7 15. Re1 e5 16. dxe6 Bxe6 17. Nxe6 Rxe6 18. Bb2 Qe7 19. Qc2 Re8 20. Re2 f5 21.
Rae1 fxe4 22. Nxe4 Nxe4 23. Rxe4 Rxe4 24. Rxe4 Qf7 25.
Rxe8+ Qxe8 26. Bxg7 Kxg7 27. Qxc7+ Nd7 28. Bxb7 Kh6 29.
Qxa5 Qe2 30. h4 Ne5 31. Qc3 Ng4 32. Qf3 Qe1+ 33. Kg2 Ne5 34. Qe3+ Qxe3 35. fxe3 1-0

[Event "*** MasterClass Titled Tuesday Blitz"]
[Site "Chess.com"]
[Date "2017.09.05"]
[Round "1"]
[White "Jahonas"]
[Black "PlotnikovPavel"]
[Result "1-0"]
[WhiteElo "2223"]
[BlackElo "2476"]
[TimeControl "180+2"]
[EndTime "13:06:40 PDT"]
[Termination "Jahonas won by resignation"]

1. d4 e6 2. c4 f5 3. Nf3 Nf6 4.
g3 Bb4+ 5. Bd2 Qe7 6. Bg2 O-O 7. O-O Bxd2 8. Nbxd2 d6 9. Qc2 Nbd7 10. b4 a5 11. b5 Ra7 12. Rac1 b6 13. e4 f4 14. e5 dxe5 15. Nxe5 Nxe5 16. dxe5 Ng4 17. Be4 g6 18.
Nf3 fxg3 19. hxg3 Bb7 20. Bxb7 Rxb7 21. Qe4 Qf7 22. Qxb7 Qxf3 23. Qxf3 Rxf3 24. c5 Nxe5 25. cxb6 cxb6 26. Rc7 Ra3 27. Rd1 Nf7 28. Rdd7 Rf3 29. Rb7 Rf5 30. Rxb6 e5 31. Re6 Ng5 32. Re8+ Rf8 33.
Rxf8+ Kxf8 34. b6 Ke8 35. Ra7 1-0

[Event "*** MasterClass Titled Tuesday Blitz"]
[Site "Chess.com"]
[Date "2017.09.05"]
[Round "1"]
[White "Hafez_Bakr"]
[Black "The_Jagermeister"]
[Result "0-1"]
[WhiteElo "1859"]
[BlackElo "2420"]
[TimeControl "180+2"]
[EndTime "13:06:40 PDT"]
[Termination "The_Jagermeister won by resignation"]

1. c4 e6 2. Nc3 d5 3. e3 Nf6 4. d4 c6 5. Nf3 Nbd7 6. Bd3 dxc4 7. Bxc4 b5 8. Bd3 Bd6 9. O-O O-O 10. b3 Bb7 11. Bb2 a6 12. Rc1 c5 13. dxc5 Nxc5 14.
Bb1 Qe7 15. Qe2 b4 16. Na4 Nxa4 17. bxa4 a5 18. Bd3 Rfd8 19. Rfd1 Nd5 20. Bb1 Ba6 21. Qc2 f5 22. Qb3 Bb7 23. Nd4 Qh4 24. Nf3 Qh5 25.
Be5 Bxe5 26. Nxe5 Rac8 27. Rxc8 Rxc8 28. f3 f4 29. e4 Qxe5 30. exd5 Bxd5 31. Qd3 Qe3+ 32.
Qxe3 fxe3 33. Kf1 Rc3 34. Ke2 Ra3 35. Rc1 Bxa2 36. Bxa2 Rxa2+ 37. Kxe3 Rxa4 38. Rc7 b3 39. Rb7 Ra3 40. Ke4 a4 41. g4 Ra2 42. h4 b2 43.
Kd3 a3 44. Ke4 Ra1 45. Ke5 Re1+ 46. Kd6 b1=Q 0-1

[Event "*** MasterClass Titled Tuesday Blitz"]
[Site "Chess.com"]
[Date "2017.09.05"]
[Round "1"]
[White "blitzcopter"]
[Black "dhanushbharadwaj"]
[Result "0-1"]
[WhiteElo "2029"]
[BlackElo "2430"]
[TimeControl "180+2"]
[EndTime "13:06:42 PDT"]
[Termination "dhanushbharadwaj won by resignation"]

1. e4 c5 2. Nc3 Nc6 3. g3 g6 4. Bg2 Bg7 5. d3 d6 6. Be3 Nf6 7. h3 O-O 8. f4 Rb8 9. Nf3 Nd7 10. O-O Nd4 11. Qd2 b5 12. Nd1 Nb6 13. c3 Nxf3+ 14. Rxf3 b4 15. f5 bxc3 16. bxc3 Na4 17. Bh6 Qb6 18.
Bxg7 Kxg7 19. Rc1 f6 20. Nf2 Qb2 21. Rc2 Qa1+ 22. Kh2 Rb2 23. fxg6 hxg6 24. Rxb2 Qxb2 25. Qxb2 Nxb2 26. Re3 Be6 27. Re2 Rb8 28. Re1 Na4 29. c4 Rb2 30. Kg1 Rxa2 31. Rb1 Nc3 32. Rb7 Kf7 33.
Bf3 a5 34. Bg4 a4 35. Bxe6+ Kxe6 0-1

[Event "*** MasterClass Titled Tuesday Blitz"]
[Site "Chess.com"]
[Date "2017.09.05"]
[Round "1"]
[White "Makalexa"]
[Black "Oneofmyturns"]
[Result "0-1"]
[WhiteElo "2133"]
[BlackElo "2469"]
[TimeControl "180+2"]
[EndTime "13:06:51 PDT"]
[Termination "Oneofmyturns won by resignation"]

1. e4 c5 2. Nf3 e6 3. d4 cxd4 4. Nxd4 a6 5. Bd3 Bc5 6. Nb3 Be7 7. O-O d6 8. Nc3 Nf6 9. Qe2 O-O 10. Kh1 Nc6 11. f4 Qc7 12. g4 Re8 13. g5 Nd7 14. Qh5 g6 15. Qh4 Bf8 16. Rf3 Bg7 17. Bd2 b5 18. Raf1 Nf8 19. Nd1 d5 20. Nf2 dxe4 21. Bxe4 Bb7 22. Ng4 Ne7 23. Bxb7 Qxb7 24. Nf6+ Bxf6 25.
gxf6 Nf5 26. Qh3 Rac8 27. Bc3 b4 28. Nd4 bxc3 29. Nxf5 exf5 30. Qh6 Ne6 31. bxc3 Rxc3 32. Kg2 Rxc2+ 33. Kg3 Qb2 34. R1f2 Rxf2 35. Rxf2 Qxf6 36. Re2 Rc8 0-1

[Event "*** MasterClass Titled Tuesday Blitz"]
[Site "Chess.com"]
[Date "2017.09.05"]
[Round "1"]
[White "krzyzan94"]
[Black "Quiet_Desperation"]
[Result "1-0"]
[WhiteElo "2516"]
[BlackElo "2224"]
[TimeControl "180+2"]
[EndTime "13:06:54 PDT"]
[Termination "krzyzan94 won by checkmate"]

1. e4 Nc6 2. Nc3 Nf6 3. d4 d6 4. Nf3 d5 5. e5 Ne4 6. h3 Bf5 7. Bb5 e6 8. O-O Be7 9. Nxe4 Bxe4 10.
c3 O-O 11. Nd2 Bg6 12. f4 Nb8 13. Nf3 c6 14. Bd3 Nd7 15. Nh2 c5 16. f5 exf5 17. Bxf5 cxd4 18. cxd4 Nb6 19. Ng4 Bg5 20. Qd3 Bxc1 21.
Raxc1 Qg5 22. Rc7 Rab8 23. b3 h5 24. Ne3 Bxf5 25. Nxf5 h4 26. e6 fxe6 27. Ne7+ Kh8 28. Ng6+ Kg8 29. Nxf8 Rxf8 30. Rxf8+ Kxf8 31. Qf3+ Kg8 32. Qf7+ Kh7 33. Qxe6 Qf4 34. Qe5 Qd2 35. Qxg7# 1-0

[Event "*** MasterClass Titled Tuesday Blitz"]
[Site "Chess.com"]
[Date "2017.09.05"]
[Round "1"]
[White "DiogenesSinopeus"]
[Black "gmcorrales"]
[Result "0-1"]
[WhiteElo "2396"]
[BlackElo "2683"]
[TimeControl "180+2"]
[EndTime "13:07:03 PDT"]
[Termination "gmcorrales won by resignation"]

1. d4 Nf6 2. c4 g6 3. Nc3 d5 4. cxd5 Nxd5 5. e4 Nxc3 6. bxc3 Bg7 7. Bb5+ c6 8. Ba4 O-O 9. Ne2 Nd7 10. O-O b5 11. Bb3 a5 12. Bg5 Nb6 13. e5 a4 14. Bc2 f6 15. exf6 exf6 16. Bh4 Re8 17. Bd3 Be6 18. Qc2 Bc4 19. Rfe1 Qd7 20. h3 Re7 21. Ng3 Rae8 22. Rxe7 Rxe7 23. Ne4 Bxd3 24. Qxd3 Qe6 25. Re1 g5 26. Bg3 f5 27. f3 fxe4 28. fxe4 Qxa2 29. Bd6 Re8 30. e5 Qe6 31. Rf1 Nc4 32.
Qf3 Nxd6 33. Qxc6 Bxe5 34. dxe5 Qxe5 35. Kh1 Ne4 36. Rf5 Ng3+ 37. Kg1 Nxf5 0-1

[Event "*** MasterClass Titled Tuesday Blitz"]
[Site "Chess.com"]
[Date "2017.09.05"]
[Round "1"]
[White "3f32"]
[Black "Noukii"]
[Result "0-1"]
[WhiteElo "2365"]
[BlackElo "2657"]
[TimeControl "180+2"]
[EndTime "13:07:06 PDT"]
[Termination "Noukii won by resignation"]

1. d4 Nf6 2. c4 c6 3. Nc3 d5 4. Nf3 a6 5. c5 Bf5 6. Bf4 Nbd7 7.
h3 e6 8. e3 Be7 9. Nh4 Be4 10.
Nxe4 dxe4 11. g4 Nd5 12. Ng2 e5 13. Bg3 exd4 14. exd4 O-O 15. Ne3 Nxe3 16. fxe3 Bh4 17. Kf2 f5 18. Bc4+ Kh8 19. Kg2 Bxg3 20. Kxg3 Qg5 21. Qd2 fxg4 22. h4 Rf3+ 23. Kg2 Qf5 24. Raf1 Rf8 25. h5 g3 26. h6 gxh6 27. b4 Nf6 28. Qe2 Ng4 29. d5 cxd5 30. Bb3 Qg5 31. Qb2+ Kg8 32. Rxf3 Rxf3 33. Re1 Rf2+ 0-1

[Event "*** MasterClass Titled Tuesday Blitz"]
[Site "Chess.com"]
[Date "2017.09.05"]
[Round "1"]
[White "Bad4life"]
[Black "BigMak2500"]
[Result "0-1"]
[WhiteElo "2159"]
[BlackElo "2477"]
[TimeControl "180+2"]
[EndTime "13:07:07 PDT"]
[Termination "BigMak2500 won by checkmate"]

1. e4 e5 2. Nf3 Nc6 3. Bc4 Bc5 4. O-O Nf6 5. d3 h6 6. a4 a5 7. Re1 d6 8. c3 O-O 9. Nbd2 Re8 10. Nf1 Be6 11. Bxe6 Rxe6 12. Ng3 d5 13. Qe2 Qd7 14. Nf5 Rd8 15. h3 dxe4 16. dxe4 Qd3 17. Bd2 Ree8 18. Rad1 Qxe2 19. Rxe2 Bb6 20. Rb1 Rd3 21.
Be3 Bxe3 22. Nxe3 Nxe4 23. Nc4 Nc5 24. Nfxe5 Rd5 25. f4 Nxe5 26. Ne3 Nc4 27. Nxd5 Rxe2 28. b4 Nd3 29. bxa5 c6 30. Rxb7 cxd5 31. a6 Ne3 32. a7 Rxg2+ 33. Kh1 Nf2# 0-1